 Dungeon Crawl Stone Soup version 0.31-a0-664-g902f515a81 (webtiles) character file.

Game seed: 1589162111873921093

906 avis the Changeling (level 8, -1/79 HPs)
             Began as an Ogre Shapeshifter on Sept 2, 2023.
             Slain by Grinder (9 damage)
             ... on level 5 of the Dungeon.
             The game lasted 00:19:38 (6440 turns).

avis the Changeling (Ogre Shapeshifter)             Turns: 6440, Time: 00:19:39

Health: -1/79      AC:  3    Str: 21    XL:     8   Next: 8%
Magic:  8/8        EV:  9    Int: 11    God:
Gold:   229        SH:  0    Dex:  8    Spells: 7/7 levels left

rFire   . .          .
                       - Unarmed
rCold   . . .        (no shield)
rNeg    . . .        a - +0 animal skin
rPois   .            (helmet currently unavailable)
rElec   .            (cloak currently unavailable)
rCorr   .            (gloves unavailable)
SInv    .            (boots unavailable)
Will    +....        (no amulet)
Stlth   +            m - ring of willpower
HPRegen 0.33/turn    (no ring)
MPRegen 0.11/turn

%: no passive effects
@: beast-form
A: beast (slay +3), large, unfitting armour, tough skin 1
a: Begin Untransformation


You were on level 5 of the Dungeon.
You were a hulking beast.
You visited 1 branch of the dungeon, and saw 5 of its levels.

You collected 229 gold pieces.

Inventory:

Hand Weapons
 l - a +1 dagger of electrocution
 x - a +0 short sword of venom
 z - a +4 morningstar
Missiles
 i - 4 large rocks
 y - 7 poisoned darts
Armour
 a - a +0 animal skin (worn)
Jewellery
 m - a ring of willpower (left hand)
 t - an amulet of faith
Talismans
 c - a beast talisman (active)
 d - a flux talisman
 j - a beast talisman (active)
 s - a flux talisman
Scrolls
 e - 7 scrolls of identify {unknown}
 k - a scroll of blinking {unknown}
 p - a scroll of enchant weapon {unknown}
 q - 2 scrolls of fear {unknown}
 w - a scroll of revelation {unknown}
 B - a scroll of summoning {unknown}
 D - a scroll of amnesia {unknown}
Potions
 f - 3 potions of brilliance {unknown}
 g - a potion of heal wounds {unknown}
 h - a potion of ambrosia {unknown}
 n - a potion of degeneration {unknown}
 o - a potion of might {unknown}
 r - a potion of attraction {unknown}
 u - a potion of curing {unknown}
 v - a potion of magic {unknown}
 A - 2 potions of haste {unknown}
 C - 2 potions of mutation {unknown}


   Skills:
 + Level 4.8 Fighting
 + Level 3.0 Throwing
 - Level 2.0 Dodging
 * Level 5.4 Unarmed Combat
 * Level 5.5 Shapeshifting


You had 7 spell levels left.
You didn't know any spells.
Your spell library contained the following spells:

 Spells                   Type           Power      Damage    Failure   Level
 Apportation              Tloc           0%         N/A       34%         1
 Necrotise                Necr           0%         1d4       34%         1
 Summon Small Mammal      Summ           0%         N/A       34%         1
 Scorch                   Fire           0%         2d5       47%         2
 Frozen Ramparts          Ice            0%         1d1       71%         3
 Flame Wave               Conj/Fire      0%         2d4       98%         4
 Petrify                  Tmut/Erth      0%         N/A       98%         4
 Metabolic Englaciation   Hex/Ice        0%         N/A       100%        5
 Summon Cactus Giant      Summ           0%         N/A       100%        6


Dungeon Overview and Level Annotations

Branches:
Dungeon (5/15)
 Temple: D:4-7

Altars:
Ashenzari
Nemelex Xobeh
Sif Muna
Yredelemnul

Annotations:
D:5 Grinder


Innate Abilities, Weirdness & Mutations

You are a hulking beast.
Your limbs bulge with bestial killing power. (Slay +3)
You are too large for most types of armour.
You have tough skin. (AC +1)


Message History

Grinder blinks!
Okay, then.
You punch Grinder!
Grinder is moderately wounded.
Grinder barely misses you.
You barely miss Grinder.
Grinder is moderately wounded.
Grinder hits you.
You writhe in agony.
You closely miss Grinder. Your punch misses Grinder.
Grinder is moderately wounded.
Grinder gestures at you. Pain shoots through your body!
You hit Grinder.
Grinder is moderately wounded.
Grinder hits you!
* * * LOW HITPOINT WARNING * * *
You hit Grinder.
Grinder is heavily wounded.
Grinder hits you.
* * * LOW HITPOINT WARNING * * *
You writhe in agony.
* * * LOW HITPOINT WARNING * * *
You hit Grinder.
Grinder is heavily wounded.
You hit Grinder.
Grinder is heavily wounded.
Grinder gestures at you. Pain shoots through your body!
* * * LOW HITPOINT WARNING * * *
You closely miss Grinder.
Grinder is heavily wounded.
Grinder hits you.
* * * LOW HITPOINT WARNING * * *
You writhe in agony.
* * * LOW HITPOINT WARNING * * *
You hit Grinder.
Grinder is heavily wounded.
Grinder hits you!
You die...
Grinder says, "Now the real fun starts!"

...#.......#.......#...........
...'.......#.......#...........
...#########.......##..###..#####
....................#..###..#....
....................'...'...#....
....................#...#...#....
.................)..#####...#....
............##'#5.......#...#....
...##########..'h.......#'###....
...'...#.......#.............####
...#†..+.....................#
...##########'#..............#
#.................###........#
#.................#.#........#
#.................#'#........#
#............................####
#..............8.#...#.8#####....


You could see Grinder.

Vanquished Creatures
  A human (D:5)
  A black bear (D:5)
  An ogre (D:5)
  A phantom (D:5)
  A scorpion (D:5)
  2 jellies (D:5)
  A hound (D:5)
  A human zombie (D:5)
  An orc priest (D:5)
  An iguana (D:4)
  A sleepcap (D:3)
  An orc wizard (D:5)
  3 gnolls
  9 adders
  An ufetubus (D:5)
  4 worms
  6 dart slugs
  5 orcs
  10 ball pythons
  9 endoplasms
  2 giant cockroaches
  6 goblins
  8 hobgoblins
  10 jackals
  7 kobolds
  3 quokkas
  3 bats (D:2)
  3 frilled lizards
  A goblin skeleton (D:5)
  5 rats
108 creatures vanquished.

Notes
Turn   | Place    | Note
-------+----------+-------------------------------------------
     0 | D:1      | avis the Ogre Shapeshifter began the quest for the Orb.
     0 | D:1      | Reached XP level 1. HP: 19/19 MP: 1/1
   182 | D:1      | Found a faded altar of an unknown god.
   272 | D:1      | Reached XP level 2. HP: 24/27 MP: 2/2
   405 | D:1      | Reached XP level 3. HP: 34/35 MP: 3/3
  1421 | D:2      | Reached XP level 4. HP: 40/44 MP: 4/4
  1940 | D:2      | Reached skill level 1 in Throwing
  2339 | D:3      | Reached XP level 5. HP: 46/52 MP: 5/5
  4040 | D:4      | Found a shimmering blue altar of Sif Muna.
  4040 | D:4      | Found a sparkling altar of Nemelex Xobeh.
  4041 | D:4      | Found a broken altar of Ashenzari.
  4097 | D:4      | Reached XP level 6. HP: 16/61 MP: 6/6
  4597 | D:5      | Entered Level 5 of the Dungeon
  4723 | D:5      | Found a runed translucent door.
  4723 | D:5      | Noticed a human
  4881 | D:5      | Found a basalt altar of Yredelemnul.
  4897 | D:5      | Killed a human
  4898 | D:5      | Reached XP level 7. HP: 46/68 MP: 7/7
  5098 | D:5      | Reached skill level 5 in Shapeshifting
  5265 | D:5      | Noticed Grinder
  5527 | D:5      | Reached skill level 5 in Unarmed Combat
  6231 | D:5      | Reached XP level 8. HP: 42/79 MP: 8/8
  6440 | D:5      | Slain by Grinder

Illustrated notes

Levels and vault maps discovered:
D:1:      minmay_arrival_wavy_path, layout_loops_corners,
          basic_ecumenical_altar, minmay_unequal
D:2:      layout_loops_ring
D:3:      layout_basic, kennysheep_generic_room_3
D:4:      layout_basic, gammafunk_temple_overflow_claw
D:5:      layout_gridville, dk_yredelemnul_ordeal, grunt_ministairs_6,
          uniq_grinder, uniq_prince_ribbit1

Skill      XL: |  1  2  3  4  5  6  7 |
---------------+----------------------+-----
Unarmed Combat | 3 4 5 |  5.4
Dodging        | 2 |  2.0
Fighting       | 2 3 4 |  4.8
Throwing       | 1 2 3 |  3.0
Shapeshifting  | 4 5 |  5.5

Action                     |  1- 3 |  4- 6 |  7- 9 || total
---------------------------+-------+-------+-------++-------
  Melee: Unarmed           |   107 |   239 |    93 ||   439
         Punch             |     1 |     6 |     1 ||     8
    Use: Potion            |       |     1 |     1 ||     2
 Armour: Animal skin       |    58 |   136 |    68 ||   262
         Skin              |       |     2 |     6 ||     8
  Dodge: Dodged            |    47 |    70 |    28 ||   145

Table legend: (Time is in decaauts)
 A = Elapsed time spent in this place.
 B = Non-inter-level travel time spent in this place.
 C = Inter-level travel time spent in this place.
 D = Time resting spent in this place.
 E = Time spent auto-exploring this place.
 F = Levels seen in this place.
 G = Mean time per level.
                   A        B        C        D        E       F      G
               +--------+--------+--------+--------+--------+-----+--------+
         Total |   6414 |   5697 |    717 |   1636 |   2867 |   5 | 1282.8 |
       Dungeon |   6414 |   5697 |    717 |   1636 |   2867 |   5 | 1282.8 |
               +--------+--------+--------+--------+--------+-----+--------+

Top non-repeatable levels by time:
     D:4: 1544 daAuts
     D:5: 1393 daAuts
     D:1: 1260 daAuts
     D:3: 1255 daAuts
     D:2: 960 daAuts
